 Dungeon Crawl Stone Soup version 0.27-a0-34-gc18c9092ac (webtiles) character file.

Game seed: 1020067031529037827

2 p00perm0de the Sneak (level 1, 3/11 HPs)
             Began as a Vine Stalker Brigand on Jan 4, 2021.
             Quit the game on level 1 of the Dungeon.
             The game lasted 00:01:12 (76 turns).

p00perm0de the Sneak (Vine Stalker Brigand)           Turns: 76, Time: 00:01:12

Health: 3/11       AC:  3    Str: 13    XL:     1   Next: 30%
Magic:  2/2        EV: 11    Int: 11    God:
Gold:   0          SH:  0    Dex: 15    Spells: 0/0 levels left

rFire    . . .     SeeInvis .   a - +2 dagger
rCold    . . .     Faith    .   (no shield)
rNeg     . . .     Spirit   +   b - +0 robe
rPois    .         Reflect  .   (no helmet)
rElec    .         Harm     .   c - +0 cloak
rCorr    .         Rampage  .   (no gloves)
Will     .....                  (no boots)
Stlth    +++.......             (no amulet)
HPRegen  0.03/turn              (no ring)
MPRegen  0.08/turn              (no ring)

@: no status effects
A: fangs 2, magic shield, antimagic bite, no potion heal 3
a: no special abilities


You were on level 1 of the Dungeon.
You visited 1 branch of the dungeon, and saw 1 of its levels.

Inventory:

Hand Weapons
 a - a +2 dagger (weapon)
Missiles
 d - 8 poisoned darts
 e - 2 curare-tipped darts
Armour
 b - a +0 robe (worn)
 c - a +0 cloak (worn)
Scrolls
 f - a scroll of fear {unknown}
 g - a scroll of identify {unknown}
 h - a scroll of teleportation {unknown}


   Skills:
 + Level 1.8 Fighting
 + Level 1.8 Short Blades
 + Level 1.8 Throwing
 + Level 0.8 Dodging
 + Level 4.8 Stealth


You couldn't memorise any spells.
You didn't know any spells.
Your spell library was empty.

Dungeon Overview and Level Annotations

Branches:
Dungeon (1/15)

Altars:


Innate Abilities, Weirdness & Mutations

You have extremely sharp teeth.
When hurt, damage is shared between your health and your magic reserves.
Your bite disrupts and absorbs the magic of your enemies.
Potions cannot restore your health.


Message History

Welcome, p00perm0de the Vine Stalker Brigand.
It is said that the Orb of Zot exists deep within this dungeon.
Press ? for a list of commands and other information.
Found a scroll labelled CUL EHEROJIQELL and a spear.
Found a staircase leading out of the dungeon.
f - a scroll labelled CUL EHEROJIQELL You open the door.
There is an open door here.
g - a scroll labelled SYOFO HICHI A bat comes into view.
The bat hits you but does no damage.
You barely miss the bat. Your bite misses the bat.
The bat hits you but does no damage. x2
You closely miss the bat. You bite the bat. You drain its power.
The bat is severely wounded.
The bat closely misses you.
No target in range!
No target in range!
No target in range!
No target in range!
The bat closely misses you. The bat completely misses you.
The bat barely misses you.
You hit the bat. Your bite misses the bat.
The bat is severely wounded.
The bat hits you but does no damage. The bat hits you.
You take 1 damage, and have 10/11 hp.
You hit the bat.
You kill the bat!
HP restored.
You see here a bat corpse.
h - a scroll labelled ECILEQ ETRUFIP Health restored: 11 A goblin comes into view.
It is wielding a +0 dagger.
The goblin shouts!
The goblin hits you but does no damage. The goblin hits you with a +0 dagger.
You take 3 damage, and have 8/11 hp.
MASSIVE DAMAGE!!
The goblin misses you. The goblin barely misses you.
Saving game... please wait.
Welcome back, p00perm0de the Vine Stalker Brigand.
Press ? for a list of commands and other information.
There is an open door here.
The goblin hits you with a +0 dagger.
You see here a spear.
You take 3 damage, and have 6/11 hp.
MASSIVE DAMAGE!!
You now have 1/2 mp.
You are too injured to fight recklessly!
You are too injured to fight recklessly!
You are too injured to fight recklessly!
You are too injured to fight recklessly!
You hit the goblin but do no damage. The goblin hits you but does no damage.
You closely miss the goblin. Your bite misses the goblin.
The goblin hits you but does no damage.
You hit the goblin. You bite the goblin. You drain its power.
You feel invigorated.
The goblin is severely wounded.
The goblin hits you with a +0 dagger.
* * * LOW HITPOINT WARNING * * *
You take 3 damage, and have 3/11 hp.
MASSIVE DAMAGE!!
MP restored: 2 You miss the goblin.
The goblin is severely wounded.
The goblin misses you.
You hit the goblin.
You kill the goblin!
You see here a +0 dagger.
Unknown command.
Are you sure you want to abandon this character and quit the game? (Confirm with "yes".)

##..†........
#.#....#####
##.#####
###.#####
#.......#
#.#.###.#
#.#####+#####
#.#.........#
#.#......@..#
#.#..⌠...⌠).#
#.#........)#
#.'....<....+
###.........#
#..⌠...⌠..#
#.........#
#.........#
#####+#####


There were no monsters in sight!

Vanquished Creatures
  A goblin (D:1)
  A bat (D:1)
2 creatures vanquished.

Notes
Turn   | Place    | Note
-------+----------+-------------------------------------------
     0 | D:1      | p00perm0de the Vine Stalker Brigand began the quest for the
                  | Orb.
     0 | D:1      | Reached XP level 1. HP: 11/11 MP: 2/2
    76 | D:1      | Quit the game

Illustrated notes

Levels and vault maps discovered:
D:1:      mushboom_english_gardens, layout_loops_ring

Action                   || total
-------------------------++-------
Melee: Dagger            ||     9
       Bite              ||     2
Armor: Robe              ||     7
Dodge: Dodged            ||     7

Table legend: (Time is in decaauts)
 A = Elapsed time spent in this place.
 B = Non-inter-level travel time spent in this place.
 C = Inter-level travel time spent in this place.
 D = Time resting spent in this place.
 E = Time spent auto-exploring this place.
 F = Levels seen in this place.
 G = Mean time per level.
                   A        B        C        D        E       F      G
               +--------+--------+--------+--------+--------+-----+--------+
         Total |     75 |     75 |      0 |      0 |     27 |   1 |   75.0 |
       Dungeon |     75 |     75 |      0 |      0 |     27 |   1 |   75.0 |
               +--------+--------+--------+--------+--------+-----+--------+

Top non-repeatable levels by time:
     D:1: 75 daAuts

Table legend:
 A = Kills in this place as a percentage of kills in entire the game.
 B = Kills by you in this place as a percentage of kills by you in the entire game.
 C = Kills by friends in this place as a percentage of kills by friends in the entire game.
 D = Other kills in this place as a percentage of other kills in the entire game.
 E = Experience gained in this place as a percentage of experience gained in the entire game.
 F = Experience gained in this place divided by the number of levels of this place that you have seen.
                   A       B       C       D       E      F
               +-------+-------+-------+-------+-------+----------------------
         Total | 100.0 | 100.0 |   N/A |   N/A | 100.0 |   3.0
       Dungeon | 100.0 | 100.0 |   N/A |   N/A | 100.0 |   3.0
               +-------+-------+-------+-------+-------+----------------------
